 Dungeon Crawl Stone Soup version 0.31-a0-1008-g5b978dac0e (webtiles) character file.

Game seed: 5579486344156844769

31760 Nedwor the Carver (level 13, -7/104 HPs)
             Began as a Demonspawn Gladiator on Nov 11, 2023.
             Was a Believer of Yredelemnul.
             Mangled by a komodo dragon (17 damage)
             ... on level 3 of the Lair of Beasts on Nov 13, 2023.
             The game lasted 00:28:23 (15317 turns).

Nedwor the Carver (Demonspawn Gladiator)           Turns: 15317, Time: 00:28:23

Health: -7/104     AC: 19    Str: 14    XL:     13   Next: 27%
Magic:  19/19      EV: 16    Int: 12    God:    Yredelemnul [**....]
Gold:   847        SH: 18    Dex: 28    Spells: 12/12 levels left

rFire   + . .        e - +9 demon blade (heavy)
rCold   . . .        s - +0 buckler
rNeg    . . .        k - +5 scale mail of the Cricket {Dex+2}
rPois   .            c - +0 helmet
rElec   +            y - scarf {repulsion}
rCorr   .            a - +1 pair of gloves
SInv    .            G - +0 pair of boots
Will    .....        (no amulet)
Stlth   +            q - ring "Qusiz" {rF+ Int+2 Dex+6}
HPRegen 0.37/turn    u - ring of Jealousy {Fly rElec Slay+2}
MPRegen 0.16/turn

%: repel missiles
@: flying
A: hooves 2, large bone plates 2, demonic guardian 2, icemail 1, condensation
shield
a: Renounce Religion, Recall Undead Harvest, Dark Bargain


You were on level 3 of the Lair of Beasts.
You worshipped Yredelemnul.
Yredelemnul was aware of your devotion.
You visited 3 branches of the dungeon, and saw 16 of its levels.

You collected 961 gold pieces.
You spent 114 gold pieces at shops.

Inventory:

Hand Weapons
 e - a +9 heavy demon blade (weapon)
Missiles
 F - 2 throwing nets
Armour
 a - a +1 pair of gloves (worn)
 c - a +0 helmet (worn)
 k - the +5 scale mail of the Cricket (worn) {Dex+2}
   (You found it on level 2 of the Dungeon)

   Dex+2:     It affects your dexterity (+2).
 s - a +0 buckler (worn)
 y - a scarf of repulsion (worn)
 G - a +0 pair of boots (worn)
Jewellery
 f - a ring of fire
 g - the ring "Veluifun" {Fly Int+4}
   (You took it off a skeletal warrior on level 8 of the Dungeon)

   [ring of flight]

   Int+4:     It affects your intelligence (+4).
   Fly:       It grants you flight.
 q - the ring "Qusiz" (left hand) {rF+ Int+2 Dex+6}
   (You took it off a centaur warrior on level 8 of the Dungeon)

   [ring of dexterity]

   Int+2:     It affects your intelligence (+2).
   Dex+6:     It affects your dexterity (+6).
   rF+:       It protects you from fire.
 u - the ring of Jealousy (right hand) {Fly rElec Slay+2}
   (You took it off a centaur warrior on level 8 of the Dungeon)

   [ring of flight]

   Slay+2:    It affects your accuracy & damage with ranged weapons and melee
   (+2).
   rElec:     It insulates you from electricity.
   Fly:       It grants you flight.
 x - the ring "Idwivum" {rPois rC- Str+3 Stlth+}
   (You took it off a merfolk on level 8 of the Dungeon)

   [ring of poison resistance]

   Str+3:     It affects your strength (+3).
   rC-:       It makes you vulnerable to cold.
   rPois:     It protects you from poison Stlth+: It makes you more stealthy.
 B - a ring of ice
 Q - a ring of resist corrosion
Wands
 i - a wand of mindburst (7)
 l - a wand of digging (3)
 v - a wand of acid (13)
 E - a wand of charming (8)
 L - a wand of iceblast (9)
Scrolls
 j - 4 scrolls of teleportation
 w - a scroll of torment
 z - a scroll of vulnerability
 A - a scroll of enchant weapon
 D - 2 scrolls of immolation
 I - a scroll of blinking
 K - a scroll of poison
 N - a scroll of brand weapon
 O - a scroll of fear
 P - a scroll of identify
Potions
 b - 2 potions of heal wounds
 d - 2 potions of invisibility
 h - 5 potions of curing
 m - a potion of magic
 n - 3 potions of attraction
 o - a potion of enlightenment
 p - 2 potions of cancellation
 r - a potion of haste
 t - a potion of might
 C - 2 potions of lignification
 H - a potion of brilliance
 J - a potion of mutation
 M - a potion of ambrosia {unknown}


   Skills:
 + Level 10.6 Fighting
 * Level 13.6 Long Blades
 - Level 1.7 Throwing
 + Level 9.9 Dodging
 + Level 6.8 Shields
 + Level 9.2 Invocations


You had 12 spell levels left.
You didn't know any spells.
Your spell library contained the following spells:

 Spells                   Type           Power      Damage    Failure   Level
 Kiss of Death            Conj/Necr      0%         2d5       89%         1
 Necrotise                Necr           0%         1d4       89%         1
 Slow                     Hex            0%         N/A       89%         1
 Sting                    Tmut/Pois      0%         1d3       89%         1
 Cigotuvi's Dreadful Rot  Necr/Pois/Air  0%         N/A       96%         2
 Ensorcelled Hibernation  Hex/Ice        0%         N/A       96%         2
 Momentum Strike          Conj/Tloc      0%         3d8       96%         2
 Passwall                 Tmut/Erth      0%         N/A       96%         2
 Poisonous Vapours        Pois/Air       0%         N/A       96%         2
 Confusing Touch          Hex            0%         N/A       99%         3
 Ignite Poison            Fire/Tmut/Pois 0%         N/A       99%         3
 Swiftness                Air            0%         N/A       99%         3
 Vampiric Draining        Necr           0%         2d6       99%         3
 Cause Fear               Hex            0%         N/A       100%        4
 Dispel Undead            Necr           0%         3d6       100%        4
 Olgreb's Toxic Radiance  Pois           0%         N/A       100%        4
 Petrify                  Tmut/Erth      0%         N/A       100%        4
 Agony                    Necr           0%         N/A       100%        5
 Fireball                 Conj/Fire      0%         3d3       100%        5
 Freezing Cloud           Conj/Ice/Air   0%         6-21      100%        5
 Irradiate                Conj/Tmut      0%         3d11      100%        5
 Discord                  Hex            0%         N/A       100%        8
 Dragon's Call            Summ           0%         N/A       100%        9


Dungeon Overview and Level Annotations

Branches:
Dungeon (12/15)            Temple (1/1) D:7            Lair (3/5) D:10
  Snake (0/4) Lair:3          Orc (0/2) D:9
  Swamp: Lair:2-3    Shoals: Lair:2-3

Altars:
Ashenzari
Cheibriados
Dithmenos
Fedhas
Gozag
Hepliaklqana
Kikubaaqudgha
Makhleb
Nemelex Xobeh
Okawaru
Qazlal
Ru
Sif Muna
Trog
Uskayaw
Vehumet
Wu Jian
Xom
Yredelemnul

Shops:
D:6 *   D:9 (   D:11 *[?*   D:12 ?


Innate Abilities, Weirdness & Mutations

You have hoof-like feet.
You are mostly covered in large bone plates. (SH +6)
A demonic guardian rushes to your aid.
A meltable icy envelope protects you from harm. (AC +4)
A meltable shield of frost defends you. (SH +4)


Message History

The komodo dragon closely misses you. The blink frog hits your hellwing.
Your hellwing hits the blink frog!
Your hellwing completely misses the blink frog.
Your blink frog zombie closely misses the komodo dragon.
The komodo dragon completely misses you.
The blink frog hits your hellwing but does no damage.
There is a stone staircase leading up, spattered with blood here.
Unknown command.
You swap places.
Your rime drake zombie bites the komodo dragon.
The blink frog barely misses your hellwing.
Your blink frog zombie hits the komodo dragon.
Your hellwing barely misses the komodo dragon.
Your hellwing hits the komodo dragon but does no damage.
The komodo dragon bites your rime drake zombie!
You swap places.
The blink frog blinks!
Your blink frog zombie hits the komodo dragon.
The komodo dragon misses you.
There is a stone staircase leading up, spattered with blood here.
You swap places.
Your blink frog zombie hits the komodo dragon!
Your rime drake zombie bites the blink frog.
The blink frog hits your hellwing but does no damage.
Your hellwing barely misses the blink frog.
Your hellwing completely misses the blink frog.
The blink frog hits your rime drake zombie!
You block the komodo dragon's attack.
You slice the blink frog!!
You kill the blink frog!
The dead are hopping!
Your blink frog zombie barely misses the komodo dragon.
The blink frog hits your hellwing.
Your blink frog zombie closely misses the komodo dragon.
Your hellwing misses the blink frog.
Your hellwing barely misses the blink frog.
You swap places.
You block the blink frog's attack.
Your blink frog zombie barely misses the komodo dragon. x2
The komodo dragon bites you!
You die...
Your body rises from the dead as a mindless zombie.

P....#...8.# # ..
#..........#.#.........
#..........#........... .
.....##.........+........
#.....##...##...#........
####.##.....#.###$.......
#.8.##.##.##....8.##.....
.....#...........Z.......
8.<..+...8...'.F@48.#
.....#.......#.ZZlZ##
#.8..#....##.#..8ยง.#
.#.####.....#####.## ...#
#...### .... ...# #....
..P## >..+ .#... ....
..#. ....... ...### ..
..8..


You could see a komodo dragon (ally target), a blink frog (ally target), a
friendly hellwing (summoned), 3 friendly blink frog zombies and a friendly rime
drake zombie.

Vanquished Creatures
  Frances (D:12)
  Snorg (D:12)
  Harold (D:10)
  3 hydras
  A boulder beetle (D:12)
  A catoblepas (Lair:1)
  2 centaur warriors (D:8)
  A two-headed ogre (D:11)
  A tengu warrior (D:8)
  A skeletal warrior (D:8)
  3 manticores
  Pikel (D:9)
  A deep elf pyromancer (D:12)
  3 black mambas
  A gargoyle (D:12)
  6 cane toads
  2 unseen horrors
  4 rime drakes
  4 komodo dragons
  A merfolk (shapeshifter) (D:8)
  A troll (D:12)
  A polar bear (Lair:3)
  11 blink frogs
  Sigmund (D:5)
  A shadow (D:9)
  A wraith (D:7)
  2 vampires
  16 yaks
  4 wyverns
  A basilisk (D:10)
  A steam dragon (D:8)
  2 vampire mosquitoes (D:11)
  3 water moccasins
  5 orc warriors
  4 black bears
  4 ice beasts
  5 centaurs
  2 ogres
  5 wolves (Lair:1)
  A kobold brigand (D:8)
  11 bullfrogs
  3 gnoll sergeants
  3 scorpions
  8 wights
  A killer bee (D:8)
  An electric eel (Lair:1)
  4 crimson imps (D:8)
  12 howler monkeys
  2 hounds
  3 jellies
  3 orc priests
  Terence (D:2)
  Jessica (D:2)
  An iguana (D:6)
  A sleepcap (D:5)
  22 orc wizards
  10 adders
  9 gnolls
  2 white imps
  A worm (D:5)
  2 dart slugs
  48 orcs
  A bat (D:1)
  3 endoplasms
  A giant cockroach (D:1)
  4 goblins
  7 hobgoblins
  2 jackals (D:3)
  3 quokkas
  7 ball pythons
  4 frilled lizards
  11 kobolds
  9 rats
311 creatures vanquished.

Vanquished Creatures (collateral kills)
  A deep elf pyromancer (D:12)
  2 cyclopes
  An unseen horror (shapeshifter) (D:12)
  A cane toad (Lair:1)
  A komodo dragon (Lair:2)
  A blink frog (Lair:1)
  5 yaks
  A basilisk (Lair:1)
  2 wolves (Lair:1)
  2 bullfrogs
  A killer bee (D:8)
  A howler monkey (D:8)
  An orc (D:9)
20 creatures vanquished.

Vanquished Creatures (others)
  2 centaur zombies
  A shadow (D:11)
  A cane toad zombie (Lair:3)
  A manticore zombie (D:8)
  2 blink frog zombies
  A wyvern zombie (D:8)
  A water moccasin zombie (D:8)
  2 yak zombies (Lair:1)
  A wolf zombie (Lair:1)
  3 bullfrog zombies
  A killer bee zombie (D:8)
  An ice beast zombie (D:8)
  2 howler monkey zombies
  A spectral white imp (D:8)
  5 orc zombies
25 creatures vanquished.

Grand Total: 356 creatures vanquished

Notes
Turn   | Place    | Note
-------+----------+-------------------------------------------
     0 | D:1      | Nedwor the Demonspawn Gladiator began the quest for the
                  | Orb.
     0 | D:1      | Reached XP level 1. HP: 16/16 MP: 1/1
   126 | D:1      | Reached skill level 3 in Long Blades
   148 | D:1      | Gained mutation: A meltable shield of frost defends you.
                  | (SH +4) [demonic ancestry]
   148 | D:1      | Reached XP level 2. HP: 18/22 MP: 2/2
   777 | D:2      | Identified the +5 scale mail of the Cricket {Dex+2}
   868 | D:2      | Gained mutation: A meltable icy envelope protects you from
                  | harm. (AC +4) [demonic ancestry]
   868 | D:2      | Reached XP level 3. HP: 28/28 MP: 3/3
   868 | D:2      | Upgraded the game from 0.31-a0-1005-gfbdfbacc72 to
                  | 0.31-a0-1008-g5b978dac0e
   986 | D:2      | Noticed Jessica
   994 | D:2      | Killed Jessica
  1078 | D:2      | Noticed Terence
  1089 | D:2      | Killed Terence
  1090 | D:2      | Gained mutation: You are partially covered in large bone
                  | plates. (SH +4) [demonic ancestry]
  1090 | D:2      | Reached XP level 4. HP: 29/34 MP: 4/4
  1429 | D:3      | Reached skill level 4 in Long Blades
  1561 | D:3      | Gained mutation: You have large cloven feet. [demonic
                  | ancestry]
  1561 | D:3      | Reached XP level 5. HP: 33/41 MP: 5/5
  1686 | D:3      | Found a hazy altar of Hepliaklqana.
  1701 | D:3      | Found a snail-covered altar of Cheibriados.
  2515 | D:5      | Entered Level 5 of the Dungeon
  2526 | D:5      | Gained mutation: You are mostly covered in large bone
                  | plates. (SH +6) [demonic ancestry]
  2526 | D:5      | Reached XP level 6. HP: 47/47 MP: 6/6
  2540 | D:5      | Noticed Sigmund
  2560 | D:5      | Killed Sigmund
  2561 | D:5      | Reached skill level 5 in Long Blades
  2971 | D:5      | Gained mutation: A weak demonic guardian rushes to your
                  | aid. [demonic ancestry]
  2971 | D:5      | Reached XP level 7. HP: 29/54 MP: 7/7
  3056 | D:5      | Reached skill level 6 in Long Blades
  3253 | D:5      | Reached skill level 5 in Fighting
  3508 | D:5      | Gained mutation: You have hoof-like feet. [demonic
                  | ancestry]
  3508 | D:5      | Reached XP level 8. HP: 61/62 MP: 8/8
  3512 | D:5      | Reached skill level 5 in Dodging
  3956 | D:6      | Reached skill level 7 in Long Blades
  4560 | D:6      | Found Angezim's Assorted Antiques.
  4907 | D:6      | Reached skill level 8 in Long Blades
  5220 | D:6      | Reached XP level 9. HP: 69/69 MP: 9/9
  5346 | D:4      | Identified 2 scrolls of acquirement
  5346 | D:4      | Acquired the +6 double sword of Offence {freeze, Str+4}
  5661 | D:7      | Identified the of Qagg
  6007 | D:7      | Found a staircase to the Ecumenical Temple.
  6510 | D:7      | Found a shimmering blue altar of Sif Muna.
  6514 | D:7      | Reached skill level 9 in Long Blades
  6748 | D:7      | Identified the +3 battleaxe "Dydwog" {spect, rC+ Int+5}
  6807 | D:7      | Found a bloodstained altar of Trog.
  6961 | D:8      | Acquired a +6 demon blade of freezing
  7406 | D:8      | Found an ornate altar of the Wu Jian Council.
  7484 | D:8      | Reached skill level 1 in Shields
  7493 | D:8      | Reached XP level 10. HP: 74/79 MP: 10/10
  7588 | D:8      | Found a shimmering altar of Xom.
  7781 | D:8      | Reached skill level 10 in Long Blades
  7794 | Temple   | Entered the Ecumenical Temple
  7814 | Temple   | Became a worshipper of Yredelemnul the Dark
  7976 | D:8      | Reached * piety under Yredelemnul
  8043 | D:8      | Reached skill level 1 in Invocations
  8054 | D:8      | Reached ** piety under Yredelemnul
  8103 | D:8      | Noticed a manticore
  8108 | D:8      | Killed a manticore
  8130 | D:8      | Noticed a manticore
  8135 | D:8      | Killed a manticore
  8150 | D:8      | Identified the ring "Qusiz" {rF+ Int+2 Dex+6}
  8150 | D:8      | Noticed a centaur warrior
  8161 | D:8      | Killed a centaur warrior
  8233 | D:8      | Identified the ring "Veluifun" {Fly Int+4}
  8233 | D:8      | Noticed a skeletal warrior
  8246 | D:8      | Killed a skeletal warrior
  8249 | D:8      | Noticed a seven-headed hydra
  8267 | D:8      | Killed an 11-headed hydra
  8268 | D:8      | Reached XP level 11. HP: 17/87 MP: 12/14
  8461 | D:8      | Reached skill level 11 in Long Blades
  8511 | D:8      | Noticed a tengu warrior
  8521 | D:8      | Killed a tengu warrior
  8523 | D:8      | Reached *** piety under Yredelemnul
  8627 | D:8      | Identified the ring "Idwivum" {rPois rC- Str+3 Stlth+}
  8630 | D:8      | Identified the ring of Jealousy {Fly rElec Slay+2}
  8630 | D:8      | Noticed a centaur warrior
  8639 | D:8      | Reached **** piety under Yredelemnul
  8644 | D:8      | Killed a centaur warrior
  8644 | D:8      | Reached ***** piety under Yredelemnul
  8905 | D:9      | Noticed Pikel
  8910 | D:9      | Killed Pikel
  8911 | D:9      | Reached skill level 5 in Invocations
  9034 | D:9      | Identified the +2 dagger of Kysijaejire {freeze, rElec}
  9042 | D:9      | Found a staircase to the Orcish Mines.
  9057 | D:9      | Found Tineizergh's Weapon Shop.
  9355 | D:9      | Found a stormy altar of Qazlal.
  9628 | D:9      | Found a sacrificial altar of Ru.
  9701 | D:10     | Entered Level 10 of the Dungeon
  9862 | D:10     | Found a staircase to the Lair.
  9936 | D:10     | Noticed Harold
  9947 | D:10     | Killed Harold
 10112 | D:10     | Found a broken altar of Ashenzari.
 11569 | D:10     | Found an opulent altar of Gozag.
 11569 | D:10     | Found a sparkling altar of Nemelex Xobeh.
 11670 | D:11     | Identified the "Waanann"
 11670 | D:11     | Found Plog's Magic Scroll Shop.
 11677 | D:11     | Bought a scroll of brand weapon for 114 gold pieces
 11691 | D:11     | Found Guis Kumn's General Store.
 11983 | D:11     | Found Naizucso's Armour Boutique.
 11993 | D:11     | Found Niucudupa's Assorted Antiques.
 12084 | D:11     | Noticed a two-headed ogre
 12089 | D:11     | Killed a two-headed ogre
 12090 | D:11     | Reached skill level 5 in Shields
 12283 | D:12     | Noticed a deep elf pyromancer
 12287 | D:12     | Killed a deep elf pyromancer
 12288 | D:12     | Reached skill level 12 in Long Blades
 12295 | D:12     | Noticed a boulder beetle
 12303 | D:12     | Killed a boulder beetle
 12327 | D:12     | Reached XP level 12. HP: 77/96 MP: 15/17
 12412 | D:12     | Noticed Snorg
 12415 | D:12     | Identified the +6 rapier "Killer Klown's Foe" {flame,
                  | *Noise Str+3 Int+4}
 12418 | D:12     | Killed Snorg
 12551 | D:12     | Noticed Frances
 12559 | D:12     | Killed Frances
 12980 | D:12     | Found Cuis's Magic Scroll Boutique.
 13160 | Lair:1   | Entered Level 1 of the Lair of Beasts
 13203 | Lair:1   | Identified the +6 whip "Orurim" {spect, SInv}
 13253 | Lair:1   | Reached skill level 10 in Fighting
 13451 | Lair:1   | Noticed a catoblepas
 13459 | Lair:1   | Killed a catoblepas
 13518 | Lair:1   | Reached skill level 13 in Long Blades
 13519 | Lair:1   | Reached ****** piety under Yredelemnul
 14199 | Lair:2   | Noticed a five-headed hydra
 14212 | Lair:2   | Killed a 12-headed hydra
 14397 | Lair:2   | Noticed a six-headed hydra
 14404 | Lair:2   | Killed a nine-headed hydra
 14405 | Lair:2   | Gained mutation: A demonic guardian rushes to your aid.
                  | [demonic ancestry]
 14405 | Lair:2   | Reached XP level 13. HP: 90/104 MP: 19/19
 15260 | Lair:3   | Found a staircase to the Snake Pit.
 15317 | Lair:3   | Mangled by a komodo dragon

Illustrated notes

Levels and vault maps discovered:
D:1:      zelgadis_glass_arrival_small, layout_basic
D:2:      layout_rooms, uniq_terence, uniq_jessica
D:3:      layout_loops_ring, mainiacjoe_overflow_big_doors,
          reono_crystal_passage, lexackson_kobold_supper
D:4:      layout_cave_pools, mainiacjoe_overflow_cross_hatched
D:5:      layout_loops_cross, kennysheep_generic_room_16, uniq_sigmund
D:6:      layout_basic, serial_shops, shop
D:7:      minmay_flawed_box, layout_loops_corners,
          nzn_overflow_gifts_of_might_and_magic,
          minmay_temple_entry_from_below_a, minmay_microvault
D:8:      minmay_the_grid_triangle_9x9_rhombus_full
          [minmay_the_grid_triangle_9x9_swiss_cheese,
          minmay_the_grid_triangle_9x9_thin_v,
          minmay_the_grid_triangle_9x9_minimal,
          minmay_the_grid_triangle_9x9_semitri,
          minmay_the_grid_triangle_9x9_skeleton,
          minmay_the_grid_triangle_9x9_impossible_snake,
          minmay_the_grid_triangle_9x9_steps,
          minmay_the_grid_triangle_9x9_prize_special], layout_gridville,
          led_xom_imps, mainiacjoe_overflow_divided_tiny
D:9:      layout_loops_ring, nicolae_ru_the_path_less_chosen,
          nicolae_qazlal_scattered_showers, orc_david_3, uniq_pikel
D:10:     layout_loops_ring, grunt_temple_overflow_opulence,
          nicolae_ashenzari_panopticon, zin_scriptorium, lair_entry_dummy,
          uniq_harold
D:11:     layout_rooms, serial_shops, shop_statue, shop_fountains, shop,
          nicolae_shop_just_a_little_nook
D:12:     layout_roguey, serial_shops, nicolae_shop_stone, uniq_frances,
          uniq_snorg
Temple:   hellmonk_temple_rainy
Lair:1:   layout_gridlike, serial_bayou_shore_b, grunt_megastairs_5
Lair:2:   layout_regular_city, serial_bayou_ford_a
Lair:3:   layout_chaotic_city, skrybe_swamp_entry_bodies, dummy_snake_entry,
          grunt_megastairs_1, serial_bayou_shore_b, lemuel_fruit_fields

Skill      XL: |  1  2  3  4  5  6  7  8  9 10 11 12 13 |
---------------+----------------------------------------+-----
Long Blades    | 3 4 5 6 8 9 10 12 13 | 13.6
Dodging        | 3 4 6 7 8 9 |  9.9
Fighting       | 3 4 5 6 7 8 9 10 | 10.6
Shields        | 1 3 5 6 |  6.8
Invocations    | 4 6 8 9 |  9.2
Throwing       | |  1.7

Action                     |  1- 3 |  4- 6 |  7- 9 | 10-12 | 13-15 || total
---------------------------+-------+-------+-------+-------+-------++-------
  Melee: Long sword        |    62 |   212 |   129 |       |       ||   403
         Punch             |     1 |     3 |     6 |       |       ||    10
         Kick              |       |    52 |    90 |    54 |       ||   196
         Falchion          |       |       |    90 |       |       ||    90
         Double sword      |       |       |    62 |       |       ||    62
         Demon blade       |       |       |    22 |   336 |    57 ||   415
    Use: Scroll            |       |       |    19 |    12 |       ||    31
   Stab: Distracted        |       |       |       |     3 |       ||     3
         Petrified         |       |       |       |     1 |       ||     1
 Armour: Leather armour    |    10 |       |       |       |       ||    10
         Scale mail        |    19 |   105 |   175 |   226 |    29 ||   554
  Dodge: Dodged            |    30 |    72 |   134 |   156 |    37 ||   429
         Repelled          |       |       |       |     2 |       ||     2
  Block: Other             |     8 |    68 |   147 |       |       ||   223
         Buckler           |       |       |    20 |   307 |    61 ||   388

Table legend: (Time is in decaauts)
 A = Elapsed time spent in this place.
 B = Non-inter-level travel time spent in this place.
 C = Inter-level travel time spent in this place.
 D = Time resting spent in this place.
 E = Time spent auto-exploring this place.
 F = Levels seen in this place.
 G = Mean time per level.
                   A        B        C        D        E       F      G
               +--------+--------+--------+--------+--------+-----+--------+
         Total |  15344 |  14506 |    838 |   3157 |   9009 |  16 |  959.0 |
       Dungeon |  13154 |  12394 |    760 |   2991 |   7377 |  12 | 1096.2 |
        Temple |     30 |     20 |     10 |      0 |      0 |   1 |   30.0 |
          Lair |   2159 |   2092 |     67 |    166 |   1632 |   3 |  719.7 |
               +--------+--------+--------+--------+--------+-----+--------+

Top non-repeatable levels by time:
    D:10: 2001 daAuts
     D:8: 1937 daAuts
     D:5: 1704 daAuts
     D:6: 1313 daAuts
     D:7: 1240 daAuts
  Lair:2: 1095 daAuts
  Lair:1: 1004 daAuts
    D:12: 909 daAuts
     D:3: 834 daAuts
     D:9: 801 daAuts
     D:1: 779 daAuts
     D:4: 614 daAuts
    D:11: 544 daAuts
     D:2: 473 daAuts
  Lair:3: 59 daAuts
